 Dungeon Crawl Stone Soup version 0.31.0-12-g77e489cdc1 (webtiles) character file.

Game seed: 11679806824745963371

63 lordive the Slasher (level 3, -1/34 HPs)
             Began as a Minotaur Monk on Feb 29, 2024.
             Slain by an orc
             ... wielding a +2 heavy mace
              (9 damage)
             ... on level 1 of the Dungeon.
             The game lasted 00:02:02 (983 turns).

lordive the Slasher (Minotaur Monk)                  Turns: 983, Time: 00:02:03

Health: -1/34      AC:  6    Str: 17    XL:     3   Next: 87%
Magic:  0/2        EV: 10    Int:  7    God:
Gold:   36         SH:  0    Dex: 12    Spells: 2/2 levels left

rFire   . . .        a - +0 falchion
rCold   . . .        (no shield)
rNeg    . . .        e - +0 scale mail
rPois   .            (helmet restricted)
rElec   .            (no cloak)
rCorr   .            (no gloves)
SInv    .            (no boots)
Will    .....        (no amulet) Stlth
                     (no ring)
HPRegen 0.25/turn    (no ring)
MPRegen 0.08/turn

%: no passive effects
@: no status effects
A: horns 2, retaliatory headbutt
a: no special abilities


You were on level 1 of the Dungeon.
You visited 1 branch of the dungeon, and saw 2 of its levels.

You collected 36 gold pieces.

Inventory:

Hand Weapons
 a - a +0 falchion (weapon)
 h - a +3 dagger
Armour
 e - a +0 scale mail (worn)
Scrolls
 b - a scroll of fog {unknown}
 d - 2 scrolls of poison {unknown}
 f - a scroll of blinking {unknown}
Potions
 c - 2 potions of ambrosia
 g - a potion of heal wounds {unknown}


   Skills:
 + Level 4.4 Fighting
 + Level 4.4 Long Blades
 + Level 1.0 Armour
 + Level 3.9 Dodging


You had 2 spell levels left.
You didn't know any spells.
Your spell library was empty.

Dungeon Overview and Level Annotations

Branches:
Dungeon (2/15)

Altars:


Innate Abilities, Weirdness & Mutations

You have a pair of horns on your head.
You reflexively headbutt those who attack you in melee.


Message History

The orc shouts!
The orc hits you but does no damage. The orc closely misses you.
You furiously retaliate!
You headbutt the orc.
There is a stone staircase leading up, spattered with blood here.
You hit the orc.
You kill the orc!
An orc priest comes into view. It is wielding a +0 short sword.
You slash Robin!
Robin is moderately wounded.
Robin hits you with a +2 antimagic mace!
You feel your power leaking away.
You closely miss Robin.
Robin is moderately wounded.
Robin hits you with a +2 antimagic mace.
You hit Robin. Your headbutt misses Robin.
Robin is severely wounded.
Robin hits you with a +2 antimagic mace.
You are too injured to fight recklessly!
You are too injured to fight recklessly!
Unknown command.
The orc barely misses you. Robin barely misses you.
You climb upwards.
There is a stone staircase leading down, spattered with blood here.
You see here a bat corpse.
Robin attacks as they pursue you!
Robin hits you with a +2 antimagic mace.
Items here: )) ††.
Robin attacks as they pursue you! Robin barely misses you.
You furiously retaliate!
You headbutt Robin, but do no damage. You closely miss Robin.
You headbutt Robin.
You kill Robin!
Your Armour skill increases to level 1!
You hit the orc. Your headbutt misses the orc.
The orc is almost dead.
The orc hits you with a +2 heavy mace!
* * * LOW HITPOINT WARNING * * *
You barely miss the orc.
The orc is almost dead.
The orc hits you with a +2 heavy mace!
You die...

#.# #.# #.# #.#
#.# #.# #.####
##.# #....###..#
####))...##
#>[#### #o## #@#
######## #.#
.#.#.#.#### #.#
..........# #.#
.#.#.#.##.######.#
#########........#
### #.######## #.#
#.# #.# #.#


You could see an orc.

Vanquished Creatures
  Robin (D:1)
  A ribbon worm (D:1)
  A dart slug (D:1)
  2 orcs
  7 bats
  3 endoplasms (D:1)
  A giant cockroach (D:1)
  10 goblins
  6 hobgoblins
  A kobold (D:1)
  A quokka (D:1)
  3 ball pythons (D:1)
  A frilled lizard (D:1)
  A rat (D:1)
39 creatures vanquished.

Notes
Turn   | Place    | Note
-------+----------+-------------------------------------------
     0 | D:1      | lordive the Minotaur Monk began the quest for the Orb.
     0 | D:1      | Reached XP level 1. HP: 19/19 MP: 0/0
   203 | D:1      | Reached XP level 2. HP: 21/27 MP: 1/1
   763 | D:2      | Noticed Robin
   795 | D:2      | Reached XP level 3. HP: 30/33 MP: 2/2
   981 | D:1      | Killed Robin
   982 | D:1      | Reached skill level 1 in Armour
   983 | D:1      | Slain by an orc

Illustrated notes

Levels and vault maps discovered:
D:1:      amcnicky_arrival_double_pillar, layout_basic, minmay_misc_feat_hallway
D:2:      layout_rooms, basic_altar, uniq_robin, uniq_terence, uniq_jessica

Skill      XL: |  1  2  3 |
---------------+----------+-----
Fighting       | 4 |  4.4
Long Blades    | 4 |  4.4
Armour         | 1 |  1.0
Dodging        | |  3.9

Action                     || total
---------------------------++-------
  Melee: Falchion          ||    85
         Headbutt          ||    12
 Armour: Scale mail        ||   108
  Dodge: Dodged            ||    70
